 Dungeon Crawl Stone Soup version 0.21-a0-531-gacddea6 (webtiles) character file.

86 teukkam the Sneak (level 4, -7/38 HPs)
             Began as a Gnoll Wanderer on Dec 13, 2017.
             Killed from afar by an orc wizard (8 damage)
             ... with a magic dart
             ... on level 3 of the Dungeon.
             The game lasted 00:09:11 (1815 turns).

teukkam the Sneak (Gnoll Wanderer)                  Turns: 1815, Time: 00:09:12

Health: -7/38      AC:  3    Str: 15    XL:     4   Next: 50%
Magic:  3/5        EV: 11    Int: 14    God:
Gold:   100        SH:  0    Dex: 15    Spells: 3/5 levels left

rFire    . . .     SeeInvis .   a - +1 spear (pierce)
rCold    . . .     Gourm    .   (no shield)
rNeg     . . .     Faith    .   m - +0 leather armour (curse)
rPois    .         Spirit   .   (no helmet)
rElec    .         Reflect  .   (no cloak)
rCorr    .         Harm     .   (no gloves)
MR       .....                  (no boots)
Stlth    ++++......             (no amulet)
HPRegen  0.12/turn              (no ring)
MPRegen  0.09/turn              (no ring)

@: hasted and slowed
A: distributed training, fangs 1, strong nose
a: no special abilities


You were on level 3 of the Dungeon.
You were not hungry.

You visited 1 branch of the dungeon, and saw 4 of its levels.

You collected 100 gold pieces.

Inventory:

Hand Weapons
 a - a +1 spear of piercing (weapon)
 e - a +0 hunting sling
 s - a +2 dagger
Missiles
 j - 6 curare-tipped needles
Armour
 m - a cursed +0 leather armour (worn)
Scrolls
 h - a scroll of enchant weapon {unknown}
 i - 2 scrolls of amnesia {unknown}
 l - 4 scrolls of enchant armour {unknown}
 n - a scroll of magic mapping {unknown}
 o - 3 scrolls of teleportation {unknown}
 p - 3 scrolls of identify {unknown}
Potions
 b - a potion of berserk rage
 g - a potion of might {unknown}
 k - a potion of agility {unknown}
 q - a potion of haste
Books
 c - the Catalogue of the Birds

   Spells                             Type                      Level
   a - Shock                          Conjuration/Air              1
   b - Mephitic Cloud                 Conjuration/Poison/Air       3
 d - the Catalogue of the Compass

   Spells                             Type                      Level
   a - Shroud of Golubria             Charms/Translocation         2
   b - Blink                          Translocation                2
Comestibles
 f - 2 bread rations
 r - a meat ration
 t - a royal jelly
 u - 2 chunks of flesh


   Skills:
 + Level 4.6 Fighting
 + Level 1.1 Short Blades
 + Level 2.7 Long Blades
 + Level 1.1 Axes
 + Level 1.1 Maces & Flails
 + Level 1.1 Polearms
 + Level 1.1 Staves
 + Level 1.1 Slings
 + Level 1.1 Bows
 + Level 1.1 Crossbows
 + Level 1.1 Throwing
 + Level 1.1 Armour
 + Level 1.1 Dodging
 + Level 7.8 Stealth
 + Level 1.1 Shields
 + Level 1.1 Unarmed Combat
 + Level 1.1 Spellcasting
 + Level 0.9 Conjurations
 + Level 0.9 Hexes
 + Level 0.9 Charms
 + Level 0.9 Summonings
 + Level 0.9 Necromancy
 + Level 3.8 Translocations
 + Level 0.9 Transmutations
 + Level 0.9 Fire Magic
 + Level 0.9 Ice Magic
 + Level 0.9 Air Magic
 + Level 2.2 Earth Magic
 + Level 0.9 Poison Magic
 + Level 1.2 Invocations
 + Level 1.1 Evocations


You had 3 spell levels left.
You knew the following spells:

 Your Spells              Type           Power        Failure   Level  Hunger
a - Blink                 Tloc           N/A          10%         2    ###....


Dungeon Overview and Level Annotations

Branches:
Dungeon (4/15)
 Temple: D:4-7

Altars:
Elyvilon
The Shining One


Innate Abilities, Weirdness & Mutations

Your experience applies equally to all skills.
You have very sharp teeth.
Your uncanny sense of smell can sniff out nearby items.


Message History

* * * LOW HITPOINT WARNING * * *
The orc wizard casts a spell.
The orc wizard blinks!
Casting: Blink
Confirm with . or Enter, or press ? or * to list all spells.
You blink.
You barely miss the orc.
The orc is lightly wounded.
The orc hits you with a flail.
* * * LOW HITPOINT WARNING * * *
The orc closely misses you.
The orc wizard points at you and mumbles some strange words.
The magic dart hits you!
* * * LOW HITPOINT WARNING * * *
The orc wizard gestures at you while chanting.
You feel as though you will be slow longer.
It was a potion of haste.
You feel yourself speed up. The orc wizard casts a spell at you.
The magic dart hits you!
You die...

######## ..# .o.....# #.#
.#####o# #.# #### .# #.# #.# #...
.# #.#. #.# ########.## .# #.#.
#†# #.....##.## .# #<#.#####.##
#.....[..## .#######.......o#####
#.....#####
...............o@...###.....##<##
..).>...............+............
#....###....†...!...###......#.#.
#....# #............# #......#...
#...)###............# #......####
...)..†.............# #..........
####.###..........).###.....####.
###+##############.......[......
#.............................>.


You could see an orc wizard and an orc.

Vanquished Creatures
  An orc priest (D:3)
  An adder (D:3)
  A dart slug (D:2)
  2 leopard geckos
  3 orcs (D:3)
  2 ball pythons (D:1)
  4 giant cockroaches
  3 goblins
  A hobgoblin (D:2)
  2 jackals (D:1)
  5 kobolds
  6 bats
  5 frilled lizards
  7 rats
43 creatures vanquished.

Notes
Turn   | Place    | Note
-------+----------+-------------------------------------------
     0 | D:1      | teukkam the Gnoll Wanderer began the quest for the Orb.
     0 | D:1      | teukkam set off with: a +2 dagger, a potion of berserk rage, the Catalogue of the Birds, the Catalogue of the Compass, a +0 robe, a bread ration
     0 | D:1      | Reached XP level 1. HP: 20/20 MP: 1/1
     0 | D:1      | Identified the Catalogue of the Birds
     0 | D:1      | Identified the Catalogue of the Compass
    86 | D:1      | Reached XP level 2. HP: 19/26 MP: 2/2
   343 | D:1      | Reached XP level 3. HP: 10/31 MP: 3/3
   347 | D:1      | Learned a level 2 spell: Blink
   660 | D:1      | Found a glowing golden altar of the Shining One.
   866 | D:2      | Found a white marble altar of Elyvilon.
  1279 | D:3      | Reached skill level 1 in Invocations
  1582 | D:3      | Reached skill level 1 in Short Blades
  1582 | D:3      | Reached skill level 1 in Axes
  1582 | D:3      | Reached skill level 1 in Maces & Flails
  1582 | D:3      | Reached skill level 1 in Polearms
  1582 | D:3      | Reached skill level 1 in Staves
  1582 | D:3      | Reached skill level 1 in Slings
  1582 | D:3      | Reached skill level 1 in Bows
  1582 | D:3      | Reached skill level 1 in Crossbows
  1582 | D:3      | Reached skill level 1 in Throwing
  1582 | D:3      | Reached skill level 1 in Armour
  1582 | D:3      | Reached skill level 1 in Dodging
  1582 | D:3      | Reached skill level 1 in Shields
  1582 | D:3      | Reached skill level 1 in Unarmed Combat
  1582 | D:3      | Reached skill level 1 in Spellcasting
  1582 | D:3      | Reached skill level 1 in Evocations
  1582 | D:3      | Reached XP level 4. HP: 21/38 MP: 0/5
  1814 | D:3      | HP: 1/38 [orc wizard/magic dart (8)]
  1815 | D:3      | Killed from afar by an orc wizard

Vault maps used:
D:1:      nicolae_arrival_washed_ashore, tso_altar
D:2:      lemuel_round_altar, chequers_ecumenical_altar_island,
          minmay_door_square, minmay_pentomino_v2
D:3:      nicolae_ru_sacrificial_ziggurat

Skill      XL: |  1  2  3 |
---------------+----------+-----
Earth Magic    | 2 |  2.2
Invocations    | 1 |  1.2
Short Blades   | 1 |  1.1
Axes           | 1 |  1.1
Maces & Flails | 1 |  1.1
Polearms       | 1 |  1.1
Staves         | 1 |  1.1
Slings         | 1 |  1.1
Bows           | 1 |  1.1
Crossbows      | 1 |  1.1
Throwing       | 1 |  1.1
Armour         | 1 |  1.1
Dodging        | 1 |  1.1
Shields        | 1 |  1.1
Unarmed Combat | 1 |  1.1
Spellcasting   | 1 |  1.1
Evocations     | 1 |  1.1
Fighting       | |  4.6
Long Blades    | |  2.7
Stealth        | |  7.8
Conjurations   | |  0.9
Hexes          | |  0.9
Charms         | |  0.9
Summonings     | |  0.9
Necromancy     | |  0.9
Translocations | |  3.8
Transmutations | |  0.9
Fire Magic     | |  0.9
Ice Magic      | |  0.9
Air Magic      | |  0.9
Poison Magic   | |  0.9

Action                   |  1- 3 |  4- 6 || total
-------------------------+-------+-------++-------
Melee: Dagger            |    82 |       ||    82
       Bite              |     9 |     2 ||    11
       Spear             |    15 |    27 ||    42
 Cast: Blink             |     4 |     2 ||     6
  Use: Potion            |       |     1 ||     1
 Stab: Sleeping          |    15 |     2 ||    17
       Distracted        |     1 |       ||     1
  Eat: Meat ration       |     1 |       ||     1
Armor: Robe              |     6 |       ||     6
       Leather armour    |     9 |     3 ||    12
Dodge: Dodged            |    65 |    15 ||    80

Table legend:
 A = Spawn XP
 B = Non-spawn XP
 C = Spawn XP percentage of total XP
 D = Spawn monster count
 E = Non-spawn monster count
 F = Spawn count percentage of total count
 G = Total turns spent on level
                    A         B        C        D         E        F      G
               +---------+---------+-------+---------+---------+-------+---------
         Total |       0 |     124 |   0.0 |       0 |      43 |   0.0 |  1815
               +---------+---------+-------+---------+---------+-------+---------
           D:1 |       0 |      40 |   0.0 |       0 |      26 |   0.0 |   791
           D:2 |       0 |      15 |   0.0 |       0 |       8 |   0.0 |   391
           D:3 |       0 |      69 |   0.0 |       0 |       9 |   0.0 |   631
               +---------+---------+-------+---------+---------+-------+---------
